 Dungeon Crawl Stone Soup version 0.31-a0-233-g139696dc86 (webtiles) character file.

Game seed: 12302502734778326885

1229 Iniera the Ducker (level 8, -11/46 (52) HPs)
             Began as a Kobold Gladiator on July 9, 2023.
             Mangled by a wight
             ... wielding a +4 trident
              (13 damage)
             ... on level 6 of the Dungeon.
             The game lasted 00:06:42 (5839 turns).

Iniera the Ducker (Kobold Gladiator)                Turns: 5839, Time: 00:06:42

HP:   -11/46 (52)   AC:  5    Str: 11    XL:     8   Next: 77%
MP:   8/8           EV: 19    Int:  9    God:
Gold: 167           SH:  5    Dex: 19    Spells: 7/7 levels left

rFire   . . .        g - +1 rapier (freeze)
rCold   . . .        (no shield)
rNeg    . . .        b - +0 leather armour
rPois   .            c - +0 helmet
rElec   .            (no cloak)
rCorr   .            l - +0 pair of gloves
SInv    .            (no boots)
Will    +....        f - amulet of reflection
Stlth   ++           m - ring of willpower
HPRegen 0.27/turn    (no ring)
MPRegen 0.11/turn

%: reflection
@: heavily drained
A: small, no large weapons, nightstalker 3
a: no special abilities


You were on level 6 of the Dungeon.
You visited 1 branch of the dungeon, and saw 6 of its levels.

You collected 167 gold pieces.

Inventory:

Hand Weapons
 a - a +0 scimitar
 g - a +1 rapier of freezing (weapon)
Missiles
 d - 2 throwing nets
 e - 2 boomerangs
 p - 3 poisoned darts (quivered)
Armour
 b - a +0 leather armour (worn)
 c - a +0 helmet (worn)
 l - a +0 pair of gloves (worn)
Jewellery
 f - an amulet of reflection (around neck)
 m - a ring of willpower (left hand)
Scrolls
 j - 3 scrolls of enchant weapon
 n - a scroll of fog
 q - 4 scrolls of teleportation
 s - a scroll of fear
 t - 3 scrolls of identify
 u - a scroll of summoning {unknown}
Potions
 h - 2 potions of resistance
 i - a potion of brilliance
 k - 2 potions of heal wounds
 o - 2 potions of might


   Skills:
 + Level 6.7 Fighting
 - Level 6.4 Short Blades
 - Level 2.1 Throwing
 + Level 3.2 Armour
 + Level 7.7 Dodging


You had 7 spell levels left.
You didn't know any spells.
Your spell library contained the following spells:

 Spells                   Type           Power      Damage    Failure   Level
 Shock                    Conj/Air       0%         1d3       45%         1
 Summon Small Mammal      Summ           0%         N/A       45%         1
 Call Canine Familiar     Summ           0%         N/A       83%         3
 Frozen Ramparts          Ice            0%         1d1       83%         3
 Summon Guardian Golem    Hex/Summ       0%         N/A       83%         3
 Swiftness                Air            0%         N/A       83%         3
 Airstrike                Air            0%         2d(0-16)  99%         4
 Ice Form                 Ice/Tmut       0%         N/A       99%         4
 Summon Ice Beast         Ice/Summ       0%         N/A       99%         4
 Borgnjor's Revivificati  Necr           0%         N/A       100%        8
 Necromutation            Tmut/Necr      0%         N/A       100%        8
 Death's Door             Necr           0%         N/A       100%        9


Dungeon Overview and Level Annotations

Branches:
Dungeon (6/15)
 Temple: D:4-7

Altars:
Kikubaaqudgha
Vehumet

Shops:
D:5 [

Annotations:
D:5 1 runed translucent door, rabbitsville's ghost, novice HOBe


Innate Abilities, Weirdness & Mutations

You are small and have problems with some larger weapons.
You are completely attuned to the shadows.


Message History

The wight is lightly damaged.
The wight barely misses you. x2
You hit the wight but do no damage.
The wight is lightly damaged.
The wight hits you with a +0 short sword.
The wight barely misses you.
You hit the wight.
The wight is moderately damaged.
You block the wight's attack. The wight barely misses you.
You hit the wight.
The wight is severely damaged.
The wight hits you with a +0 short sword.
You feel drained. You block the wight's attack.
You hit the wight but do no damage.
The wight is severely damaged.
You puncture the wight!
You destroy the wight!
You block the wight's attack. The wight misses you.
Things that are here:
a +0 short sword; a +0 robe You hit the wight but do no damage.
The wight is lightly damaged.
The wight hits you with a +4 trident!
* * * LOW HITPOINT WARNING * * *
You feel drained.
* * * LOW HITPOINT WARNING * * *
You hit the wight.
The wight is lightly damaged.
The wight hits you but does no damage.
You closely miss the wight.
The wight is lightly damaged.
The wight hits you with a +4 trident.
* * * LOW HITPOINT WARNING * * *
You feel drained.
* * * LOW HITPOINT WARNING * * *
You puncture the wight!
The wight is almost destroyed.
The wight hits you with a +4 trident!
You die...

##............#
##...........## .#
........##...#
###.##
......)..#...#
#.....
.......#)#..:#
##.....
.......#)....#
#......
.......##....#
##.##+#.
.......###...###z.#
.......###.....#@##
.............#.#.#
#######.....##.#.##
#...........#
#...........#
#.......>...####
#...........'..#
######......##.#
#......##.#


You could see a wight.

Vanquished Creatures
  Pikel (D:5)
  A sky beast (D:6)
  3 lemures (D:6)
  A bullfrog (D:6)
  A wight (D:6)
  A howler monkey (D:4)
  A hound (D:6)
  A jelly (D:5)
  7 iguanas
  2 sleepcaps (D:4)
  3 orc wizards
  4 adders
  An ufetubus (D:5)
  5 worms
  2 dart slugs (D:2)
  14 orcs
  7 ball pythons
  5 endoplasms
  5 giant cockroaches
  6 goblins
  7 hobgoblins
  4 jackals (D:4)
  3 quokkas
  4 bats
  3 frilled lizards
  6 kobolds
  5 rats
103 creatures vanquished.

Notes
Turn   | Place    | Note
-------+----------+-------------------------------------------
     0 | D:1      | Iniera the Kobold Gladiator began the quest for the Orb.
     0 | D:1      | Reached XP level 1. HP: 12/12 MP: 1/1
   124 | D:1      | Reached XP level 2. HP: 18/18 MP: 2/2
   440 | D:1      | Reached skill level 4 in Dodging
   888 | D:2      | Reached XP level 3. HP: 21/22 MP: 3/3
  1315 | D:2      | Found an ancient bone altar of Kikubaaqudgha.
  2152 | D:3      | Reached XP level 4. HP: 28/28 MP: 4/4
  2616 | D:3      | Reached skill level 5 in Short Blades
  3163 | D:4      | Reached XP level 5. HP: 21/33 MP: 5/5
  3335 | D:4      | Reached skill level 5 in Dodging
  3525 | D:4      | Found a radiant altar of Vehumet.
  3538 | D:4      | Reached XP level 6. HP: 38/38 MP: 6/6
  4181 | D:5      | Entered Level 5 of the Dungeon
  4523 | D:5      | Found Gaef Daa's Antique Armour Boutique.
  4568 | D:5      | Found a runed translucent door.
  4575 | D:5      | Reached XP level 7. HP: 44/44 MP: 7/7
  4575 | D:5      | Noticed rabbitsville's ghost (novice HOBe)
  4755 | D:5      | Reached skill level 5 in Fighting
  4755 | D:5      | Reached skill level 6 in Dodging
  5096 | D:6      | Reached skill level 1 in Armour
  5464 | D:6      | Noticed Pikel
  5626 | D:5      | Killed Pikel
  5627 | D:5      | Reached skill level 7 in Dodging
  5627 | D:5      | Reached XP level 8. HP: 29/52 MP: 8/8
  5838 | D:6      | HP: 2/46 [wight/+4 trident (2)]
  5839 | D:6      | Mangled by a wight

Illustrated notes

Levels and vault maps discovered:
D:1:      minmay_arrival_semitransparent, layout_basic
D:2:      layout_basic, basic_altar
D:3:      layout_loops_corners
D:4:      layout_loops_corners, nicolae_vehumet_radiance
D:5:      layout_rooms, gammafunk_ghost_grave, serial_shops,
          nicolae_shop_pleasant_corner_grove
D:6:      layout_basic, uniq_pikel

Skill      XL: |  1  2  3  4  5  6  7 |
---------------+----------------------+-----
Dodging        | 4 5 7 |  7.7
Fighting       | 3 4 6 |  6.7
Short Blades   | 5 6 |  6.4
Armour         | 3 |  3.2
Throwing       | |  2.1

Action                     |  1- 3 |  4- 6 |  7- 9 || total
---------------------------+-------+-------+-------++-------
  Melee: Rapier            |    88 |   157 |   135 ||   380
         Punch             |     1 |     1 |     4 ||     6
  Throw: Dart              |     4 |     6 |    30 ||    40
         Throwing net      |       |       |     4 ||     4
    Use: Scroll            |     3 |     7 |     1 ||    11
         Potion            |       |     1 |       ||     1
   Stab: Sleeping          |     7 |    12 |     1 ||    20
         Held in net/web   |       |       |     1 ||     1
 Armour: Leather armour    |    17 |    17 |    11 ||    45
  Dodge: Dodged            |    40 |    91 |    85 ||   216
  Block: Other             |    15 |    22 |    39 ||    76
         Reflection        |       |     1 |       ||     1

Table legend: (Time is in decaauts)
 A = Elapsed time spent in this place.
 B = Non-inter-level travel time spent in this place.
 C = Inter-level travel time spent in this place.
 D = Time resting spent in this place.
 E = Time spent auto-exploring this place.
 F = Levels seen in this place.
 G = Mean time per level.
                   A        B        C        D        E       F      G
               +--------+--------+--------+--------+--------+-----+--------+
         Total |   5805 |   5587 |    218 |    387 |   4327 |   6 |  967.5 |
       Dungeon |   5805 |   5587 |    218 |    387 |   4327 |   6 |  967.5 |
               +--------+--------+--------+--------+--------+-----+--------+

Top non-repeatable levels by time:
     D:4: 1295 daAuts
     D:2: 1244 daAuts
     D:5: 1012 daAuts
     D:3: 947 daAuts
     D:1: 793 daAuts
     D:6: 512 daAuts
